BR (22 & UNDER)
RANCHO CUCAMONGA SICK MONKEYS @ WATERTOWN HEADHUNTERS
09/10/2030
 
TOP OF THE 1ST
Rancho Cucamonga Sick Monkeys batting - Pitching for Watertown Headhunters : RHP Ray Taylor
Pitching: RHP Ray Taylor
Batting: RHB Marvin Montgomery 0-0: Swinging Strike
0-1: Ball
1-1: Ball
2-1: Foul Ball, location: 2F
2-2: Ground out 5-3 (Groundball, 5L)
Batting: SHB Jimmy Mayer 0-0: Swinging Strike
0-1: Swinging Strike
0-2: Strikes out swinging
Batting: SHB Paco Estrada 0-0: Ball
1-0: Called Strike
1-1: Swinging Strike
1-2: SINGLE (Groundball, 3D)
Batting: LHB Rubén Deleón 0-0: DOUBLE (Line Drive, 9LM)
Paco Estrada to third
Runner from 3rd tries for Home, SAFE, no throw
Batting: RHB Scott Elliott 0-0: Ground out 6-3 (Groundball, 6)
Top of the 1st over - 1 run, 2 hits, 0 errors, 1 left on base; Rancho Cucamonga 1 - Watertown 0
BOTTOM OF THE 1ST
Watertown Headhunters batting - Pitching for Rancho Cucamonga Sick Monkeys : RHP Edwin Boone
Pitching: RHP Edwin Boone
Batting: LHB William Mitchell 0-0: Swinging Strike
0-1: Foul Ball, location: 2F
0-2: Ground out 4-3 (Groundball, 4MS)
Batting: LHB Leonardo Torres 0-0: Ball
1-0: Ball
2-0: Ball
3-0: Called Strike
3-1: Foul Ball, location: 2F
3-2: Foul Ball, location: 2F
3-2: Foul Ball, location: 2F
3-2: Base on Balls
Batting: RHB Steve Welch 0-0: Called Strike
0-1: Called Strike
0-2: Ground out 4-3 (Groundball, 34)
Leonardo Torres to second
Batting: RHB Mike Hurt 0-0: Foul Ball, location: 2F
0-1: Ball
1-1: Foul Ball, location: 2F
1-2: Strikes out swinging
Bottom of the 1st over - 0 runs, 0 hits, 0 errors, 1 left on base; Rancho Cucamonga 1 - Watertown 0
TOP OF THE 2ND
Rancho Cucamonga Sick Monkeys batting - Pitching for Watertown Headhunters : RHP Ray Taylor
Batting: RHB Bob Caldwell 0-0: Called Strike
0-1: Fly out, F7 (Flyball, 7LM)
Batting: RHB Bartolo Moreno 0-0: Ball
1-0: TRIPLE (Flyball, 89XD)
Batting: RHB Iván Salinas 0-0: Called Strike
0-1: Ball
1-1: Foul Ball, location: 2F
1-2: Ball
2-2: Ball
3-2: DOUBLE (Groundball, 5L)
Bartolo Moreno scores
Batting: RHB Jackson Walker 0-0: Foul Ball, location: 2F
0-1: Foul Ball, location: 2F
0-2: Foul Ball, location: 2F
0-2: Ball
1-2: Ball
2-2: Ball
3-2: Fly out, F4 (Flyball, 34D)
Batting: RHB Marvin Montgomery 0-0: Ground out U3 (Groundball, 3)
Top of the 2nd over - 1 run, 2 hits, 0 errors, 1 left on base; Rancho Cucamonga 2 - Watertown 0
BOTTOM OF THE 2ND
Watertown Headhunters batting - Pitching for Rancho Cucamonga Sick Monkeys : RHP Edwin Boone
Batting: RHB Johnny Marshall 0-0: Called Strike
0-1: Called Strike
0-2: Ball
1-2: Ground out 6-3 (Groundball, 6)
Batting: RHB Gustavo Martínez 0-0: SINGLE (Groundball, 4S) (infield hit)
Batting: RHB Roberto Torres 0-0: Ball
1-0: Ball
2-0: Ball
3-0: Called Strike
3-1: DOUBLE (Flyball, 78D)
Gustavo Martínez to third
Runner from 3rd tries for Home, SAFE, no throw
Batting: RHB Robinson Martínez 0-0: SINGLE (Line Drive, 6M)
Roberto Torres to third
Batting: RHB John Weber 0-0: Called Strike
0-1: Ball
1-1: Ball
2-1: Swinging Strike
2-2: Foul Ball, location: 2F
2-2: Foul Ball, location: 2F
2-2: Foul Ball, location: 2F
2-2: Foul Ball, location: 2F
2-2: SINGLE (Flyball, 89S)
Roberto Torres scores
Robinson Martínez to second
Runner from 2nd tries for 3rd, SAFE, throw made to third
Batting: LHB William Mitchell 0-0: Called Strike
0-1: Called Strike
John Weber steals 2nd base
0-2: Foul Ball, location: 2F
0-2: DOUBLE (Flyball, 7LD)
Robinson Martínez scores
John Weber scores
Batting: LHB Leonardo Torres 0-0: Called Strike
0-1: Foul Ball, location: 2F
0-2: Ground out U3 (Groundball, 3)
William Mitchell to third
Batting: RHB Steve Welch 0-0: Ball
1-0: Foul Ball, location: 2F
1-1: Foul Ball, location: 2F
1-2: Ball
Wild Pitch!
William Mitchell scores
2-2: Ball
3-2: Foul Ball, location: 2F
3-2: SINGLE (Line Drive, 78S)
Batting: RHB Mike Hurt 0-0: Called Strike
Steve Welch is caught stealing 2nd base
Bottom of the 2nd over - 5 runs, 6 hits, 0 errors, 0 left on base; Rancho Cucamonga 2 - Watertown 5
TOP OF THE 3RD
Rancho Cucamonga Sick Monkeys batting - Pitching for Watertown Headhunters : RHP Ray Taylor
Batting: SHB Jimmy Mayer 0-0: Called Strike
0-1: Ball
1-1: Foul Ball, location: 2F
1-2: Ball
2-2: Foul Ball, location: 2F
2-2: Foul Ball, location: 2F
2-2: SINGLE (Groundball, 34D)
Batting: SHB Paco Estrada 0-0: Ball
Jimmy Mayer steals 2nd base
1-0: Fly out, F9 (Line Drive, 89M)
Batting: LHB Rubén Deleón 0-0: Ball
1-0: Called Strike
1-1: Called Strike
1-2: Foul Ball, location: 2F
1-2: Ball
2-2: Ball
3-2: SINGLE (Groundball, 34D)
Jimmy Mayer to third
Runner from 3rd tries for Home, SAFE, no throw
Batting: RHB Scott Elliott 0-0: Called Strike
0-1: Swinging Strike
0-2: Ball
1-2: Ball
2-2: Ball
3-2: Foul Ball, location: 2F
3-2: Foul Ball, location: 2F
3-2: Base on Balls
Rubén Deleón to second
Batting: RHB Bob Caldwell 0-0: Swinging Strike
0-1: Called Strike
0-2: Ball
1-2: Strikes out looking
Batting: RHB Bartolo Moreno 0-0: Fly out, F8 (Flyball, 8RM)
Top of the 3rd over - 1 run, 2 hits, 0 errors, 2 left on base; Rancho Cucamonga 3 - Watertown 5
BOTTOM OF THE 3RD
Watertown Headhunters batting - Pitching for Rancho Cucamonga Sick Monkeys : RHP Edwin Boone
Batting: RHB Mike Hurt 0-0: SINGLE (Line Drive, 89S)
Batting: RHB Johnny Marshall 0-0: Called Strike
0-1: Foul Ball, location: 2F
0-2: Ball
1-2: Ball
2-2: Foul Ball, location: 2F
2-2: Grounds into double play, 5-4-3 (Groundball, 56)
Batting: RHB Gustavo Martínez 0-0: Ball
1-0: Swinging Strike
1-1: Foul Ball, location: 2F
1-2: Ball
2-2: Ball
3-2: Foul Ball, location: 2F
3-2: Ground out 4-3 (Groundball, 4MD)
Bottom of the 3rd over - 0 runs, 1 hit, 0 errors, 0 left on base; Rancho Cucamonga 3 - Watertown 5
TOP OF THE 4TH
Rancho Cucamonga Sick Monkeys batting - Pitching for Watertown Headhunters : RHP Ray Taylor
Batting: RHB Iván Salinas 0-0: Called Strike
0-1: Swinging Strike
0-2: Hit by Pitch
Batting: RHB Jackson Walker 0-0: Foul Ball, location: 2F
0-1: Ball
1-1: Ball
Iván Salinas steals 2nd base
2-1: Ball
Wild Pitch!
Iván Salinas to third
3-1: Called Strike
3-2: Ground out 1-3 (Groundball, 13)
Batting: RHB Marvin Montgomery 0-0: Ball
1-0: Called Strike
1-1: Ball
2-1: Ball
3-1: Foul Ball, location: 2F
3-2: Foul Ball, location: 2F
3-2: Fly out, F8 (Flyball, 8RD)
Runner from 3rd tags up, SCORES, throw made
Batting: SHB Jimmy Mayer 0-0: Called Strike
0-1: Foul Ball, location: 2F
0-2: Ball
1-2: TRIPLE (Flyball, 8RXD)
Batting: SHB Paco Estrada 0-0: Called Strike
0-1: Fly out, F3 (Line Drive, 3L)
Top of the 4th over - 1 run, 1 hit, 0 errors, 1 left on base; Rancho Cucamonga 4 - Watertown 5
BOTTOM OF THE 4TH
Watertown Headhunters batting - Pitching for Rancho Cucamonga Sick Monkeys : RHP Edwin Boone
Batting: RHB Roberto Torres 0-0: Fly out, F7 (Line Drive, 7S)
Batting: RHB Robinson Martínez 0-0: Ball
1-0: Ground out 3-1 (Groundball, 34)
Batting: RHB John Weber 0-0: Ball
1-0: Called Strike
1-1: Ground out 4-3 (Groundball, 4)
Bottom of the 4th over - 0 runs, 0 hits, 0 errors, 0 left on base; Rancho Cucamonga 4 - Watertown 5
TOP OF THE 5TH
Rancho Cucamonga Sick Monkeys batting - Pitching for Watertown Headhunters : RHP Ray Taylor
Batting: LHB Rubén Deleón 0-0: SINGLE (Groundball, 56D)
Batting: RHB Scott Elliott 0-0: Called Strike
0-1: Called Strike
0-2: Fly out, F7 (Flyball, 7LM)
Batting: RHB Bob Caldwell 0-0: Ball
1-0: Ball
2-0: Ground out 5-3 (Groundball, 56S)
Rubén Deleón to second
Batting: RHB Bartolo Moreno 0-0: Ball
1-0: Swinging Strike
1-1: Swinging Strike
1-2: Ball
2-2: Foul Ball, location: 2F
2-2: Strikes out looking
Top of the 5th over - 0 runs, 1 hit, 0 errors, 1 left on base; Rancho Cucamonga 4 - Watertown 5
BOTTOM OF THE 5TH
Watertown Headhunters batting - Pitching for Rancho Cucamonga Sick Monkeys : RHP Edwin Boone
Batting: LHB William Mitchell 0-0: Called Strike
0-1: Swinging Strike
0-2: Ball
1-2: Ball
2-2: Strikes out swinging
Batting: LHB Leonardo Torres 0-0: Called Strike
0-1: Foul Ball, location: 2F
0-2: Ball
1-2: Foul Ball, location: 2F
1-2: Ball
2-2: Ball
3-2: Foul Ball, location: 2F
3-2: Ground out U3 (Groundball, 3)
Batting: RHB Steve Welch 0-0: Foul Ball, location: 2F
0-1: Ball
1-1: Ground out 6-3 (Groundball, 56)
Bottom of the 5th over - 0 runs, 0 hits, 0 errors, 0 left on base; Rancho Cucamonga 4 - Watertown 5
TOP OF THE 6TH
Rancho Cucamonga Sick Monkeys batting - Pitching for Watertown Headhunters : RHP Ray Taylor
Batting: RHB Iván Salinas 0-0: Foul Ball, location: 2F
0-1: Ball
1-1: Called Strike
1-2: Fly out, F7 (Flyball, 78S)
Batting: RHB Jackson Walker 0-0: Called Strike
0-1: Fly out, F4 (Popup, 4)
Batting: RHB Marvin Montgomery 0-0: Called Strike
0-1: Ground out 5-3 (Groundball, 5L)
Top of the 6th over - 0 runs, 0 hits, 0 errors, 0 left on base; Rancho Cucamonga 4 - Watertown 5
BOTTOM OF THE 6TH
Watertown Headhunters batting - Pitching for Rancho Cucamonga Sick Monkeys : RHP Edwin Boone
Pitching: RHP Nolan Inman
Batting: RHB Mike Hurt 0-0: Ball
1-0: Swinging Strike
1-1: Foul Ball, location: 2F
1-2: Ball
2-2: Foul Ball, location: 2F
2-2: Strikes out swinging
Batting: RHB Johnny Marshall 0-0: Called Strike
0-1: Swinging Strike
0-2: Foul Ball, location: 2F
0-2: Ball
1-2: Foul Ball, location: 2F
1-2: Ground out 5-3 (Groundball, 56S)
Batting: RHB Gustavo Martínez 0-0: Ball
1-0: Ball
2-0: Called Strike
2-1: Fly out, F8 (Flyball, 8RS)
Bottom of the 6th over - 0 runs, 0 hits, 0 errors, 0 left on base; Rancho Cucamonga 4 - Watertown 5
TOP OF THE 7TH
Rancho Cucamonga Sick Monkeys batting - Pitching for Watertown Headhunters : RHP Ray Taylor
Pitching: RHP Dave Meyers
Batting: SHB Jimmy Mayer 0-0: Ball
1-0: Foul Ball, location: 2F
1-1: Fly out, F7 (Flyball, 7)
Batting: SHB Paco Estrada 0-0: Called Strike
0-1: Foul Ball, location: 2F
0-2: Foul Ball, location: 2F
0-2: Strikes out swinging
Pitching: LHP José Deleón
Batting: LHB Rubén Deleón 0-0: Swinging Strike
0-1: Ball
1-1: Ball
2-1: SINGLE (Flyball, 8RS)
Pitching: RHP Manuel Trevino
Batting: RHB Scott Elliott 0-0: Called Strike
0-1: Foul Ball, location: 2F
0-2: Fly out, F5 (Popup, 56S)
Top of the 7th over - 0 runs, 1 hit, 0 errors, 1 left on base; Rancho Cucamonga 4 - Watertown 5
BOTTOM OF THE 7TH
Watertown Headhunters batting - Pitching for Rancho Cucamonga Sick Monkeys : RHP Nolan Inman
Batting: RHB Roberto Torres 0-0: Ball
1-0: Ball
2-0: Called Strike
2-1: Called Strike
2-2: Foul Ball, location: 2F
2-2: Ball
3-2: Strikes out swinging
Batting: RHB Robinson Martínez 0-0: Foul Ball, location: 2F
0-1: Ball
1-1: Ball
2-1: Ball
3-1: Fly out, F8 (Flyball, 8RXD)
Batting: RHB John Weber 0-0: Ground out 1-3 (Groundball, 13)
Bottom of the 7th over - 0 runs, 0 hits, 0 errors, 0 left on base; Rancho Cucamonga 4 - Watertown 5
TOP OF THE 8TH
Rancho Cucamonga Sick Monkeys batting - Pitching for Watertown Headhunters : RHP Manuel Trevino
Batting: RHB Bob Caldwell 0-0: Called Strike
0-1: Ball
1-1: Foul Ball, location: 2F
1-2: Ball
2-2: Foul Ball, location: 2F
2-2: Strikes out looking
Batting: RHB Bartolo Moreno 0-0: Ball
1-0: Fly out, F9 (Line Drive, 89M)
Batting: RHB Iván Salinas 0-0: Called Strike
0-1: Ball
1-1: SINGLE (Line Drive, 7)
Pitching: RHP Alfonso Sánchez
Pinch Hitting: RHB Heath Jones 0-0: Ball
1-0: Ball
2-0: Called Strike
2-1: Ball
Wild Pitch!
Iván Salinas to second
3-1: Foul Ball, location: 2F
3-2: Ground out 6-3 (Groundball, 6)
Top of the 8th over - 0 runs, 1 hit, 0 errors, 1 left on base; Rancho Cucamonga 4 - Watertown 5
BOTTOM OF THE 8TH
Watertown Headhunters batting - Pitching for Rancho Cucamonga Sick Monkeys : RHP Nolan Inman
Pitching: RHP Ken Jones
Now in LF: Heath Jones
Batting: LHB William Mitchell 0-0: SINGLE (Groundball, 34D)
Batting: LHB Leonardo Torres 0-0: Ball
1-0: Foul Ball, location: 2F
1-1: Ball
2-1: Swinging Strike
2-2: Ball
Wild Pitch!
William Mitchell to second
3-2: Foul Ball, location: 2F
3-2: Foul Ball, location: 2F
3-2: Strikes out swinging
Batting: RHB Steve Welch 0-0: Called Strike
0-1: Foul Ball, location: 2F
0-2: Strikes out swinging
Batting: RHB Mike Hurt 0-0: Ball
Passed Ball!
William Mitchell to third
1-0: Ball
2-0: Ball
3-0: Called Strike
3-1: Base on Balls
Batting: RHB Johnny Marshall 0-0: Fly out, F7 (Line Drive, 78S)
Bottom of the 8th over - 0 runs, 1 hit, 0 errors, 2 left on base; Rancho Cucamonga 4 - Watertown 5
TOP OF THE 9TH
Rancho Cucamonga Sick Monkeys batting - Pitching for Watertown Headhunters : RHP Alfonso Sánchez
Batting: RHB Marvin Montgomery 0-0: Swinging Strike
0-1: SOLO HOME RUN (Flyball, 78XD), Distance : 428 ft
Pinch Hitting: LHB Mauro Flores 0-0: Ball
1-0: Foul Ball, location: 2F
1-1: Ball
2-1: Foul Ball, location: 2F
2-2: Fly out, F9 (Flyball, 9S)
Batting: SHB Paco Estrada 0-0: SINGLE (Flyball, 7LS)
Pinch Runner at 1st Dustin Márquez:
Batting: LHB Rubén Deleón 0-0: Ball
1-0: Ball
2-0: Ball
3-0: Called Strike
3-1: Called Strike
3-2: SINGLE (Flyball, 89S)
Dustin Márquez to second
Dustin Márquez to third
Batting: RHB Scott Elliott 0-0: Fielders Choice at 2nd, 4-6 (Groundball, 4)
Dustin Márquez scores
Batting: RHB Bob Caldwell 0-0: Fly out, F9 (Flyball, 89D)
Top of the 9th over - 2 runs, 3 hits, 0 errors, 1 left on base; Rancho Cucamonga 6 - Watertown 5
BOTTOM OF THE 9TH
Watertown Headhunters batting - Pitching for Rancho Cucamonga Sick Monkeys : RHP Ken Jones
Now at 3B: Harry Ray
Now in CF: Dustin Márquez
Batting: RHB Gustavo Martínez 0-0: Fly out, F9 (Flyball, 9)
Batting: RHB Roberto Torres 0-0: Ball
1-0: Ball
2-0: Foul Ball, location: 2F
2-1: Fly out, F2 (Popup, 23F)
Batting: RHB Robinson Martínez 0-0: Ball
1-0: Ball
2-0: Fly out, F7 (Flyball, 7)
Bottom of the 9th over - 0 runs, 0 hits, 0 errors, 0 left on base; Rancho Cucamonga 6 - Watertown 5
Saturday, April 7th, 2018 - OOTP Baseball 18.8 Build 76